 Dungeon Crawl Stone Soup version 0.28.0-45-g0d030f2227 (webtiles) character file.

Game seed: 5000163178663821744

758 DearestLeader the Shield-Bearer (level 7, -1/60 HPs)
             Began as a Gnoll Fighter on Apr 6, 2022.
             Slain by an orc
             ... wielding a +0 trident
              (3 damage)
             ... on level 5 of the Dungeon.
             The game lasted 00:05:57 (4574 turns).

DearestLeader the Shield-Bearer (Gnoll Fighter)     Turns: 4574, Time: 00:05:58

Health: -1/60      AC:  9    Str: 22    XL:     7   Next: 80%
Magic:  20/20      EV: 10    Int:  9    God:
Gold:   212        SH:  5    Dex: 11    Spells: 11/11 levels left

rFire   . . .      SeeInvis .   d - +0 war axe (elec)
rCold   . . .      Faith    .   c - +0 buckler
rNeg    . . .      Spirit   .   b - +0 scale mail
rPois   .          Reflect  .   (no helmet)
rElec   .          Harm     .   (no cloak)
rCorr   .          Rampage  .   (no gloves)
Will    .....                   e - +0 pair of boots "Ciyshets" {Str+4 Int+2}
Stlth   +.........              (no amulet)
HPRegen 0.20/turn               l - ring of magical power
MPRegen 0.17/turn               (no ring)

@: no status effects
A: fangs 1, strong nose, distributed training
a: no special abilities


You were on level 5 of the Dungeon.
You visited 1 branch of the dungeon, and saw 5 of its levels.

You collected 212 gold pieces.

Inventory:

Hand Weapons
 a - a +0 war axe
 d - a +0 war axe of electrocution (weapon)
Armour
 b - a +0 scale mail (worn)
 c - a +0 buckler (worn)
 e - the +0 pair of boots "Ciyshets" (worn) {Str+4 Int+2}
   (You acquired it on level 4 of the Dungeon)

   Str:       It affects your strength (+4).
   Int:       It affects your intelligence (+2).
 p - a +0 pair of boots
Jewellery
 l - a ring of magical power (left hand)
Scrolls
 f - a scroll of teleportation
 h - a scroll of fog {unknown}
 j - a scroll of summoning {unknown}
 n - 2 scrolls of enchant armour {unknown}
 o - a scroll of fear {unknown}
 q - a scroll of enchant weapon {unknown}
Potions
 g - a potion of flight {unknown}
 i - a potion of mutation {unknown}
 k - a potion of curing
 m - a potion of ambrosia {unknown}


   Skills:
 + Level 7.1 Fighting
 + Level 2.7 Short Blades
 + Level 2.7 Long Blades
 + Level 5.3 Axes
 + Level 2.7 Maces & Flails
 + Level 2.7 Polearms
 + Level 2.7 Staves
 + Level 2.7 Slings
 + Level 2.7 Bows
 + Level 2.7 Crossbows
 + Level 2.7 Throwing
 + Level 7.1 Armour
 + Level 2.7 Dodging
 + Level 2.7 Stealth
 + Level 7.1 Shields
 + Level 2.7 Unarmed Combat
 + Level 2.7 Spellcasting
 + Level 2.2 Conjurations
 + Level 2.2 Hexes
 + Level 2.2 Summonings
 + Level 2.2 Necromancy
 + Level 2.2 Translocations
 + Level 2.2 Transmutations
 + Level 2.2 Fire Magic
 + Level 2.2 Ice Magic
 + Level 2.2 Air Magic
 + Level 2.2 Earth Magic
 + Level 2.2 Poison Magic
 + Level 3.0 Invocations
 + Level 2.7 Evocations


You had 11 spell levels left.
You didn't know any spells.
Your spell library contained the following spells:

 Spells                   Type           Power      Damage    Failure   Level
 Animate Skeleton         Necr           10%        N/A       36%         1
 Pain                     Necr           20%        1d5       36%         1
 Stone Arrow              Conj/Erth      10%        3d7       75%         3
 Vampiric Draining        Necr           5%         2d6       75%         3
 Animate Armour           Summ/Erth      10%        N/A       98%         4
 Lehudib's Crystal Spear  Conj/Erth      2%         10d2      100%        8


Dungeon Overview and Level Annotations

Branches:
Dungeon (5/15)
 Temple: D:4-7

Altars:
Gozag

Shops:
D:2 =


Innate Abilities, Weirdness & Mutations

You have very sharp teeth.
Your uncanny sense of smell can sniff out nearby items.
Your experience applies equally to all skills.


Message History

a +0 mace; a +0 leather armour You closely miss the orc.
Your bite misses the orc. You barely miss the orc wizard.
The orc barely misses you. The orc wizard barely misses you.
The orc hits you with a +0 trident.
You hit the orc but do no damage. You miss the orc wizard.
The orc wizard hits you but does no damage.
The orc hits you with a +0 trident.
* * * LOW HITPOINT WARNING * * *
You're too confused to move!
The orc wizard mumbles some strange words.
The orc wizard flickers and vanishes!
Deactivating autopickup; reactivate with Ctrl-A.
The orc hits you with a +0 trident.
* * * LOW HITPOINT WARNING * * *
Something hits you but does no damage.
The orc hits you from afar with a +0 trident.
* * * LOW HITPOINT WARNING * * *
Things that are here:
a +0 whip; a wand of flame (5); an orc corpse You closely miss something.
Something hits you but does no damage.
The orc hits you from afar with a +0 trident!
* * * LOW HITPOINT WARNING * * *
You hear some strange, mumbled words.
A puff of flame appears from out of thin air!
The puff of flame hits you but does no damage.
The orc completely misses you.
Things that are here:
a +0 mace; a +0 leather armour You're too confused to move!
Something hits you but does no damage. The orc hits you with a +0 trident.
* * * LOW HITPOINT WARNING * * *
You feel better. Something hits you.
* * * LOW HITPOINT WARNING * * *
Something freezes you.
* * * LOW HITPOINT WARNING * * *
The orc hits you with a +0 trident!
* * * LOW HITPOINT WARNING * * *
You closely miss something. You hit the orc.
Something hits you but does no damage. The orc hits you with a +0 trident.
You die...

.. .# .. #.# ... .. ...#
##.# ....## #..# ## ..
#...##o.# #.##. #..{@.##
.... ##..)..# ..#
#..##...# #.# #..#
...... ####.## ##.##
..... ......##
#..###......
.......######..#........
##..##............# ##..
##..####....(...###


You could see an orc.

Vanquished Creatures
  Sigmund (D:4)
  A necrophage (D:4)
  4 killer bees (D:5)
  3 orc priests
  A jelly (D:4)
  A centaur skeleton (D:4)
  9 gnolls
  3 adders
  An ufetubus (D:5)
  A worm (D:2)
  A dart slug (D:2)
  12 orcs
  8 ball pythons
  4 endoplasms
  5 giant cockroaches
  2 goblins
  4 hobgoblins
  8 jackals
  4 kobolds
  3 quokkas
  A bat (D:2)
  A frilled lizard (D:1)
78 creatures vanquished.

Notes
Turn   | Place    | Note
-------+----------+-------------------------------------------
     0 | D:1      | DearestLeader the Gnoll Fighter began the quest for the
                  | Orb.
     0 | D:1      | Reached XP level 1. HP: 23/23 MP: 1/1
   193 | D:1      | Reached XP level 2. HP: 23/29 MP: 2/2
   746 | D:2      | Reached XP level 3. HP: 27/35 MP: 3/3
   994 | D:1      | Reached skill level 1 in Invocations
  1350 | D:2      | Reached skill level 1 in Short Blades
  1350 | D:2      | Reached skill level 1 in Long Blades
  1350 | D:2      | Reached skill level 1 in Maces & Flails
  1350 | D:2      | Reached skill level 1 in Polearms
  1350 | D:2      | Reached skill level 1 in Staves
  1350 | D:2      | Reached skill level 1 in Slings
  1350 | D:2      | Reached skill level 1 in Bows
  1350 | D:2      | Reached skill level 1 in Crossbows
  1350 | D:2      | Reached skill level 1 in Throwing
  1350 | D:2      | Reached skill level 1 in Dodging
  1350 | D:2      | Reached skill level 1 in Stealth
  1350 | D:2      | Reached skill level 1 in Unarmed Combat
  1350 | D:2      | Reached skill level 1 in Spellcasting
  1350 | D:2      | Reached skill level 1 in Evocations
  1404 | D:2      | Found Huipy's Jewellery Shop.
  1423 | D:2      | Found an opulent altar of Gozag.
  1516 | D:2      | Reached XP level 4. HP: 34/41 MP: 5/5
  2278 | D:2      | Reached skill level 1 in Conjurations
  2278 | D:2      | Reached skill level 1 in Hexes
  2278 | D:2      | Reached skill level 1 in Summonings
  2278 | D:2      | Reached skill level 1 in Necromancy
  2278 | D:2      | Reached skill level 1 in Translocations
  2278 | D:2      | Reached skill level 1 in Transmutations
  2278 | D:2      | Reached skill level 1 in Fire Magic
  2278 | D:2      | Reached skill level 1 in Ice Magic
  2278 | D:2      | Reached skill level 1 in Air Magic
  2278 | D:2      | Reached skill level 1 in Earth Magic
  2278 | D:2      | Reached skill level 1 in Poison Magic
  2281 | D:2      | Reached XP level 5. HP: 30/47 MP: 6/6
  3307 | D:3      | Reached XP level 6. HP: 37/53 MP: 8/8
  3753 | D:4      | Reached skill level 5 in Axes
  3815 | D:4      | Noticed Sigmund
  3829 | D:4      | Killed Sigmund
  3830 | D:4      | Reached XP level 7. HP: 52/59 MP: 10/10
  3965 | D:4      | Identified a scroll of acquirement
  3965 | D:4      | Acquired the +0 pair of boots "Ciyshets" {Str+4 Int+2}
  4154 | D:5      | Entered Level 5 of the Dungeon
  4572 | D:5      | HP: 2/60 [orc/+0 trident (3)]
  4574 | D:5      | Slain by an orc

Illustrated notes

Levels and vault maps discovered:
D:1:      dpeg_arrival_boxes_within_box, layout_basic, corexii_hall_statues_x,
          dk_noncrumbling_2
D:2:      layout_loops_cross, basic_altar, serial_shops,
          nicolae_shop_advertising_works [nicolae_subvault_shop_adworks]
D:3:      layout_loops_ring
D:4:      layout_basic, serial_curves, eino_curves_02, eino_curves_03,
          uniq_sigmund
D:5:      layout_layer_cave, amcnicky_mini_pool_small

Skill      XL: |  1  2  3  4  5  6  7 |
---------------+----------------------+-----
Invocations    | 1 2 3 |  3.0
Short Blades   | 1 2 |  2.7
Long Blades    | 1 2 |  2.7
Maces & Flails | 1 2 |  2.7
Polearms       | 1 2 |  2.7
Staves         | 1 2 |  2.7
Slings         | 1 2 |  2.7
Bows           | 1 2 |  2.7
Crossbows      | 1 2 |  2.7
Throwing       | 1 2 |  2.7
Dodging        | 1 2 |  2.7
Stealth        | 1 2 |  2.7
Unarmed Combat | 1 2 |  2.7
Spellcasting   | 1 2 |  2.7
Evocations     | 1 2 |  2.7
Conjurations   | 1 2 |  2.2
Hexes          | 1 2 |  2.2
Summonings     | 1 2 |  2.2
Necromancy     | 1 2 |  2.2
Translocations | 1 2 |  2.2
Transmutations | 1 2 |  2.2
Fire Magic     | 1 2 |  2.2
Ice Magic      | 1 2 |  2.2
Air Magic      | 1 2 |  2.2
Earth Magic    | 1 2 |  2.2
Poison Magic   | 1 2 |  2.2
Axes           | 5 |  5.3
Fighting       | 7 |  7.1
Armour         | 7 |  7.1
Shields        | 7 |  7.1

Action                   |  1- 3 |  4- 6 |  7- 9 || total
-------------------------+-------+-------+-------++-------
Melee: War axe           |    54 |   147 |    38 ||   239
       Bite              |     5 |    13 |     2 ||    20
  Use: Potion            |       |     1 |     2 ||     3
       Scroll            |       |       |     2 ||     2
Armor: Scale mail        |    23 |    67 |    32 ||   122
Dodge: Dodged            |    35 |    55 |    48 ||   138
Block: Buckler           |    18 |    34 |    16 ||    68
